 Dungeon Crawl Stone Soup version 0.18-a0-1666-g3ea6f2b (webtiles) character file.

12310 Yawgmoth the Geomancer (level 11, -4/64 HPs)
             Began as a Gargoyle Earth Elementalist on Mar 31, 2016.
             Was a Believer of Vehumet.
             Killed from afar by a deep elf knight (21 damage)
             ... with an orb of energy
             ... in a volcano.
             The game lasted 01:26:48 (15784 turns).

Yawgmoth the Geomancer (GrEE)                      Turns: 15784, Time: 01:26:49

Health: -4/64      AC: 17    Str: 20    XL:     11   Next: 91%
Magic:  8/24       EV: 17    Int: 19    God:    Vehumet [**....]
Gold:   254        SH:  0    Dex: 15    Spells: 6 memorised, 4 levels left

rFire  + + .     SeeInvis .     J - +5 quarterstaff (chaos)
rCold  + . .     Gourm    +     l - +0 leather armour {rF+}
rNeg   + . .     Faith    .     (shield currently unavailable)
rPois  ∞         Spirit   .     x - +2 helmet
rElec  +         Dismiss  .     p - +0 cloak
rCorr  +         Reflect  .     W - -1 pair of gloves (curse)
SustAt .         Harm     .     h - +1 pair of boots
MR     .....                    b - amulet of the gourmand
Stlth  ++........               C - ring of loudness (curse)
                                z - +3 ring of strength

@: mighty, agile, resistant, very slightly contaminated, hasted, very quick, not
resistant to hostile enchantments, unstealthy
A: negative energy resistance 1, electricity resistance, unbreathing,
petrification resistance, rot immunity, AC +7
a: Renounce Religion


You were in a volcano.
You worshipped Vehumet.
Vehumet was pleased with you.
You were very full.

You visited 3 branches of the dungeon, and saw 12 of its levels.
You also visited: Ossuary and Volcano.

You collected 674 gold pieces.
You spent 420 gold pieces at shops.

Inventory:

Hand Weapons
 J - a +5 quarterstaff of chaos (weapon)
 P - a +0 glaive
Missiles
 B - 48 stones (quivered)
Armour
 h - a +1 pair of boots (worn)
 l - a +0 leather armour of fire resistance (worn)
 p - a +0 cloak (worn)
 x - a +2 helmet (worn)
 G - a +1 leather armour of cold resistance
 S - a +0 troll leather armour
 U - a +4 ring mail
 W - a cursed -1 pair of gloves (worn)
Magical Staves
 V - an uncursed staff of earth
Jewellery
 b - an amulet of the gourmand (around neck)
 q - an uncursed ring of sustain attributes
 z - a +3 ring of strength (left hand)
 C - a cursed ring of loudness (right hand)
 E - an uncursed amulet of magic regeneration
 H - a +3 amulet of reflection
Wands
 v - a wand of random effects (33/48)
 w - a wand of iceblast (5/15)
 y - a wand of confusion (19/48)
 D - a wand of slowing (22/48)
 Q - a wand of polymorph (12/24)
Scrolls
 f - 5 scrolls of identify
 j - 4 scrolls of enchant armour
 k - 3 scrolls of teleportation
 r - 5 scrolls of recharging
 t - 3 scrolls of immolation
 F - 3 scrolls of remove curse
 L - 3 scrolls of silence
 O - a scroll of vulnerability
Potions
 e - 3 potions of berserk rage
 n - 3 potions of agility
 I - 2 potions of ambrosia
 K - 2 potions of brilliance
 N - 2 potions of resistance
Books
 c - a book of Geomancy

   Spells                             Type                      Level
   a - Sandblast                      Earth                        1
   b - Passwall                       Transmutation/Earth          2
   c - Stone Arrow                    Conjuration/Earth            3
   d - Petrify                        Transmutation/Earth          4
   e - Lee's Rapid Deconstruction     Earth                        5
 g - a book of the Tempests

   Spells                             Type                      Level
   a - Static Discharge               Conjuration/Air              3
   b - Lightning Bolt                 Conjuration/Air              5
   c - Fireball                       Conjuration/Fire             5
   d - Tornado                        Air                          9
   e - Shatter                        Earth                        9
 o - a book of Callings

   Spells                             Type                      Level
   a - Summon Small Mammal            Summoning                    1
   b - Call Imp                       Summoning                    2
   c - Call Canine Familiar           Summoning                    3
   d - Summon Guardian Golem          Hexes/Summoning              3
   e - Summon Lightning Spire         Summoning/Air                4
   f - Summon Ice Beast               Ice/Summoning                4
Comestibles
 a - 3 chunks of flesh
 d - 5 bread rations
 s - 3 meat rations
 u - 2 fruits
 M - a royal jelly
 T - 2 slices of pizza


   Skills:
 + Level 6.2 Fighting
 - Level 1.0(3.2) Polearms
 + Level 5.5 Staves
 + Level 2.4 Armour
 - Level 1.9 Dodging
 - Level 2.2 Stealth
 + Level 9.5 Spellcasting
 + Level 7.0 Conjurations
 - Level 0.7 Transmutations
 * Level 2.8 Fire Magic
 * Level 12.8 Earth Magic
 + Level 2.1 Evocations


You had 4 spell levels left.
You knew the following spells:

 Your Spells              Type           Power        Failure   Level  Hunger
a - Sandblast             Erth           ######       1%          1    None
b - Passwall              Trmt/Erth      ####......   1%          2    None
c - Stone Arrow           Conj/Erth      #####.       1%          3    None
d - Lee's Rapid Deconstr  Erth           ######....   1%          5    #####..
e - Shatter               Erth           ######....   100%        9    #######
f - Fireball              Conj/Fire      ####......   38%         5    #####..


Dungeon Overview and Level Annotations

Branches:
Dungeon (9/15)             Temple (1/1) D:6            Lair (2/8) D:9
    Orc (0/2) D:9

Altars:
Ashenzari
Cheibriados
Dithmenos
Elyvilon
Fedhas
Kikubaaqudgha
Makhleb
Nemelex Xobeh
Okawaru
Pakellas
Qazlal
Ru
Sif Muna
Trog
Vehumet
Xom
Yredelemnul
Zin
The Shining One

Shops:
D:8 =


Innate Abilities, Weirdness & Mutations

You are resistant to torment.
Your stone body is resilient (AC +7).
You are immune to poison.
You resist negative energy.
You are resistant to electric shocks.
You can survive without breathing.
You are immune to petrification.
You are immune to rotting.


Message History

* * * LOW HITPOINT WARNING * * *
The deep elf mage casts a spell at you. The sticky flame misses you.
Drink which item? (? for menu, Esc to quit)
You feel protected.
The deep elf mage gestures wildly while chanting.
The fire elemental closely misses you.
You hit the deep elf mage.
You kill the deep elf mage!
Vehumet accepts your kill.
Your Conjurations skill increases to level 7!
The fire elemental disappears in a puff of smoke! x2
The deep elf knight gestures at you while chanting.
The stone arrow misses you.
The deep elf mage gestures wildly while chanting.
Things that are here:
a long sword of flaming; a ring mail of fire resistance The deep elf knight gestures at you while chanting.
The orb of energy hits you!
You die...

#e.###..............##
#§#........§.≈.§≈.....
####...§.§§≈≈§≈§≈≈§...
#....§≈§≈≈≈≈§§≈≈≈...
##..e§§§≈§§§§§≈≈§...
#.Ee..§≈≈≈§§§§§§....
##.e..E≈≈§§≈≈§≈....#
#)#.....≈§≈.§....## ###
##@#.....§§§§....#
##§§##.###..###§§##...#
#≈§§≈.## #### #. ####.#
##§§§..## ##.##
#§§≈....# #.####
#≈≈≈≈..## ###..≈#
#≈≈≈.∩§.# ##..∩.≈≈
##≈≈≈..E## #.....≈≈
#≈≈§§...# ##∩..§≈#


You could see a deep elf knight and 2 earth elementals.

Vanquished Creatures
  A hydra (Lair:1)
  4 deep elf magi (Volcano)
  The ghost of bl4d3 the Thaumaturge, a novice GrFE (D:7)
  A black mamba (Lair:1)
  2 spiny frogs (Lair:1)
  A komodo dragon (Lair:1)
  A troll (D:9)
  A spriggan (Lair:1)
  A wraith (D:9)
  8 yaks
  4 hippogriffs
  2 water moccasins
  2 porcupines (Lair:1)
  4 sky beasts
  A black bear (D:6)
  5 ogres
  5 orc warriors
  2 wolves (D:9)
  3 centaurs
  3 crocodiles (Lair:1)
  6 giant frogs
  5 scorpions
  7 killer bees
  3 electric eels (D:9)
  3 wights
  A howler monkey (D:8)
  A giant frog zombie (D:7)
  A human zombie (Ossuary)
  3 jellies
  A quasit (D:8)
  3 crimson imps
  7 orc priests
  A centaur zombie (D:7)
  A gnoll shaman (D:4)
  Crazy Yiuf (D:7)
  A centaur skeleton (D:9)
  A giant frog skeleton (D:5)
  10 hounds
  11 orc wizards
  5 iguanas
  Terence (D:3)
  Ijyb (D:2)
  7 worker ants
  4 big kobold zombies (Ossuary)
  A hound zombie (D:5)
  3 mummies
  A howler monkey zombie (D:5)
  A howler monkey skeleton (D:5)
  A worker ant zombie (D:7)
  14 adders
  5 gnolls (D:4)
  6 river rats (Lair:1)
  A shadow imp (D:9)
  2 oozes
  An adder zombie (Ossuary)
  2 adder skeletons (D:4)
  A worm (D:4)
  2 dart slugs (D:2)
  6 giant geckos
  47 orcs
  2 bat zombies (D:2)
  8 giant cockroaches
  12 goblins
  11 hobgoblins
  11 jackals
  8 kobolds
  A quokka (D:3)
  4 ball pythons
  5 bats
  A giant gecko skeleton (D:7)
  11 giant newts
  2 goblin skeletons (D:4)
  2 goblin zombies (Ossuary)
  9 hobgoblin zombies
  2 jackal skeletons (D:4)
  3 jackal zombies
  2 kobold skeletons (D:4)
  11 kobold zombies
  12 orc zombies
  9 rats
  4 rat zombies
  A fungus (D:7)
362 creatures vanquished.

Vanquished Creatures (others)
  The ghost of bl4d3 the Thaumaturge, a novice GrFE of Vehumet (D:8)
  2 plants (Lair:1)
3 creatures vanquished.

Grand Total: 365 creatures vanquished

Notes
Turn   | Place    | Note
--------------------------------------------------------------
     0 | D:1      | Yawgmoth the Gargoyle Earth Elementalist began the quest for the Orb.
     0 | D:1      | Reached XP level 1. HP: 10/10 MP: 3/3
   178 | D:1      | Reached XP level 2. HP: 15/15 MP: 1/5
   360 | D:1      | Reached skill level 4 in Earth Magic
   780 | D:1      | Reached XP level 3. HP: 19/19 MP: 4/6
  1554 | D:2      | Reached XP level 4. HP: 24/24 MP: 3/8
  1928 | D:2      | Reached skill level 5 in Earth Magic
  2531 | D:2      | Found an ancient bone altar of Kikubaaqudgha.
  2866 | D:2      | Found a faded altar to an unknown god.
  3171 | D:2      | Reached XP level 5. HP: 19/28 MP: 5/9
  3318 | D:2      | Noticed Ijyb
  3325 | D:2      | Killed Ijyb
  3340 | D:2      | Found a burning altar of Makhleb.
  3810 | D:3      | Noticed Terence
  3974 | D:3      | Killed Terence
  3974 | D:3      | Reached skill level 6 in Earth Magic
  4218 | D:3      | Reached XP level 6. HP: 32/32 MP: 11/11
  5189 | D:4      | Reached skill level 7 in Earth Magic
  5449 | D:4      | Learned a level 2 spell: Passwall
  5453 | D:4      | Learned a level 3 spell: Stone Arrow
  5459 | D:4      | Reached XP level 7. HP: 34/36 MP: 8/13
  5864 | D:4      | Found a glowing golden altar of the Shining One.
  5952 | D:4      | Reached skill level 5 in Spellcasting
  6778 | D:5      | Entered Level 5 of the Dungeon
  7229 | D:5      | Reached skill level 8 in Earth Magic
  7396 | D:5      | Reached XP level 8. HP: 36/41 MP: 8/16
  8284 | D:5      | Reached skill level 9 in Earth Magic
  8737 | D:6      | Found a staircase to the Ecumenical Temple.
  8943 | D:6      | Found a sparkling altar of Nemelex Xobeh.
  8955 | D:6      | Reached skill level 10 in Earth Magic
  9097 | D:6      | Reached XP level 9. HP: 45/45 MP: 16/20
  9112 | D:6      | Learned a level 5 spell: Lee's Rapid Deconstruction
  9155 | D:6      | Found a white marble altar of Elyvilon.
  9271 | D:7      | Noticed Crazy Yiuf
  9275 | D:7      | Killed Crazy Yiuf
  9342 | D:7      | Found a sand-covered staircase.
  9348 | Ossuary  | Entered an ossuary
  9576 | Ossuary  | Reached skill level 1 in Conjurations
  9813 | D:7      | Reached skill level 1 in Fighting
  9824 | D:7      | Reached skill level 1 in Staves
 10342 | D:7      | Noticed bl4d3's ghost (novice GrFE)
 10395 | Temple   | Entered the Ecumenical Temple
 10744 | D:7      | Killed bl4d3's ghost
 10786 | D:7      | Reached skill level 11 in Earth Magic
 10872 | D:7      | Reached XP level 10. HP: 29/56 MP: 3/22
 11345 | D:8      | Noticed bl4d3's ghost (novice GrFE)
 11362 | D:8      | Killed bl4d3's ghost
 11667 | D:8      | Found a shimmering altar of Xom.
 11670 | D:8      | Found a shattered altar of Ashenzari.
 11671 | D:8      | Found a radiant altar of Vehumet.
 11672 | D:8      | Found a glowing silver altar of Zin.
 11675 | D:8      | Became a worshipper of Vehumet
 11679 | D:8      | Found an oddly glowing altar of Pakellas.
 11680 | D:8      | Found a snail-covered altar of Cheibriados.
 11684 | D:8      | Found a shadowy altar of Dithmenos.
 12205 | D:8      | Found Viwydeet's Jewellery Shop.
 12214 | D:8      | Bought an uncursed amulet of the gourmand for 420 gold pieces
 12334 | D:9      | Found a staircase to the Orcish Mines.
 12696 | D:9      | Reached skill level 5 in Conjurations
 12814 | D:9      | Reached * piety under Vehumet
 12814 | D:9      | Offered knowledge of Freeze by Vehumet.
 13171 | D:9      | Reached skill level 5 in Fighting
 13171 | D:9      | Reached skill level 12 in Earth Magic
 13275 | D:9      | Reached XP level 11. HP: 57/63 MP: 24/24
 13294 | D:9      | Found a staircase to the Lair.
 13502 | D:9      | Offered knowledge of Sting by Vehumet.
 13780 | D:9      | Reached ** piety under Vehumet
 13783 | D:9      | Reached skill level 5 in Staves
 13912 | D:9      | Found a deep blue altar of Sif Muna.
 14243 | Lair:1   | Entered Level 1 of the Lair of Beasts
 14456 | Lair:1   | Reached skill level 1 in Armour
 14456 | Lair:1   | Reached skill level 1 in Evocations
 14551 | Lair:1   | Noticed a seven-headed hydra
 14555 | Lair:1   | Killed a seven-headed hydra
 14555 | Lair:1   | Reached skill level 1 in Polearms
 14668 | Lair:1   | Learned a level 9 spell: Shatter
 14674 | Lair:1   | Learned a level 5 spell: Fireball
 14785 | Lair:1   | Reached skill level 1 in Fire Magic
 15660 | Lair:2   | Found a dark tunnel.
 15667 | Volcano  | Entered a volcano
 15685 | Volcano  | Noticed a deep elf mage
 15691 | Volcano  | Killed a deep elf mage
 15729 | Volcano  | Noticed a deep elf mage
 15731 | Volcano  | Noticed a deep elf mage
 15732 | Volcano  | Killed a deep elf mage
 15733 | Volcano  | Noticed a deep elf mage
 15736 | Volcano  | Killed a deep elf mage
 15744 | Volcano  | Noticed a deep elf mage
 15775 | Volcano  | Noticed a deep elf mage
 15775 | Volcano  | Noticed a deep elf knight
 15782 | Volcano  | Killed a deep elf mage
 15784 | Volcano  | Killed from afar by a deep elf knight

Vault maps used:
D:1:      saegor_arrival_simple_c
D:2:      marbit_many_paths, lemuel_zombie_altar_kikubaaqudgha, first_bread,
          ecumenical_altar_2, grunt_ministairs_4, uniq_iyjb
D:3:      uniq_terence
D:4:      nicolae_tso_besieged_by_evil
D:6:      grunt_temple_overflow_opulence, nicolae_overflow_hidden_temple,
          minmay_temple_entry_from_below_a, minmay_stone_trees_large,
          nemelex_dance_club_becter
D:7:      nicolae_ossuary_entry_giza, uniq_crazy_yiuf_cottage
D:8:      minitemple, serial_shops, shop
D:9:      lemuel_blue_sif_altar, erik_lair_island, orc_0_dummy
Temple:   circular_temple_6
Lair:1:   grunt_forest_large_clearing_hut, serial_bayou_shore_b,
          serial_bayou_shore_a
Lair:2:   enter_volcano_2
Ossuary:  ossuary_tomb_1
Volcano:  volcano_pools

Skill      XL: |  1  2  3  4  5  6  7  8  9 10 11 |
---------------+----------------------------------+-----
Earth Magic    | 4 5 6 7 8 10 11 12 | 12.8
Spellcasting   | 3 4 5 7 8 9 |  9.5
Conjurations   | 3 5 7 |  7.0
Fighting       | 3 5 6 |  6.2
Staves         | 3 4 5 |  5.5
Armour         | 2 |  2.4
Evocations     | 2 |  2.1
Polearms       | 1 |  1.0
Fire Magic     | 2 |  2.8
Dodging        | |  1.9
Stealth        | |  2.2
Transmutations | |  0.7

Action                   |  1- 3 |  4- 6 |  7- 9 | 10-12 || total
-------------------------+-------+-------+-------+-------++-------
Melee: Club              |    22 |    75 |       |       ||    97
       Trident           |       |    83 |    66 |       ||   149
       Spear             |       |       |   115 |       ||   115
       Quarterstaff      |       |       |   181 |   230 ||   411
       Staff             |       |       |       |    24 ||    24
Throw: Stone             |     4 |     2 |     3 |     1 ||    10
 Cast: Sandblast         |    47 |   134 |   226 |    39 ||   446
       Stone Arrow       |       |       |    12 |    91 ||   103
       Passwall          |       |       |     6 |       ||     6
       Lee's Rapid Decon |       |       |       |    17 ||    17
  Use: Scroll            |       |    11 |     5 |    15 ||    31
       Potion            |       |       |     2 |     6 ||     8
 Stab: Sleeping          |     1 |     2 |     4 |       ||     7
       Paralysed         |       |       |     3 |     5 ||     8
       Confused          |       |       |       |     1 ||     1
  Eat: Chunk             |     3 |    12 |    11 |    26 ||    52
       Bread ration      |       |       |     1 |       ||     1
       Fruit             |       |       |     1 |     1 ||     2
       Pizza             |       |       |     1 |       ||     1
